 Dungeon Crawl Stone Soup version 0.30.1-11-g7821555f0a (webtiles) character file.

Game seed: 6244599311867935797

46 lonewolfV2 the Trooper (level 3, -2/30 HPs)
             Began as a Formicid Fighter on Nov 15, 2023.
             Constricted to death by Ijyb (4 damage)
             ... on level 2 of the Dungeon.
             The game lasted 00:01:28 (1498 turns).

lonewolfV2 the Trooper (Formicid Fighter)           Turns: 1498, Time: 00:01:29

Health: -2/30      AC: 11    Str: 20    XL:     3   Next: 92%
Magic:  3/3        EV:  2    Int:  7    God:
Gold:   71         SH:  5    Dex: 15    Spells: 2/2 levels left

rFire   . . .        a - +0 war axe
rCold   . . .        c - +0 buckler
rNeg    . . .        k - +0 plate armour
rPois   .            (helmet unavailable)
rElec   .            (no cloak)
rCorr   .            (no gloves)
SInv    +            (no boots)
Will    .....        (no amulet) Stlth
                     (no ring)
HPRegen 0.25/turn    (no ring)
MPRegen 0.08/turn

%: no passive effects
@: grasped by roots, constricted
A: permanent stasis, dig shafts and tunnels, antennae 3, four strong arms
a: Dig, Shaft Self


You were on level 2 of the Dungeon.
You visited 1 branch of the dungeon, and saw 2 of its levels.

You collected 71 gold pieces.

Inventory:

Hand Weapons
 a - a +0 war axe (weapon)
Armour
 c - a +0 buckler (worn)
 k - a +0 plate armour (worn)
Scrolls
 g - a scroll of enchant weapon {unknown}
 i - a scroll of fog
 j - 2 scrolls of identify
Potions
 b - a potion of resistance {unknown}
 d - 2 potions of might
 e - 3 potions of curing
 f - a potion of brilliance {unknown}
 h - 3 potions of heal wounds {unknown}


   Skills:
 + Level 4.2 Fighting
 + Level 3.1 Axes
 - Level 3.2 Armour
 - Level 4.0 Shields


You had 2 spell levels left.
You didn't know any spells.
Your spell library contained the following spells:

 Spells                   Type           Power      Damage    Failure   Level
 Poisonous Vapours        Pois/Air       0%         N/A       100%        2
 Mephitic Cloud           Conj/Pois/Air  0%         N/A       100%        3
 Volatile Blastmotes      Fire/Tloc      0%         2d10      100%        3
 Fulminant Prism          Conj/Hex       0%         3d5       100%        4
 Iskenderun's Mystic Bla  Conj/Tloc      0%         2d3       100%        4
 Freezing Cloud           Conj/Ice/Air   0%         6-21      100%        5
 Lee's Rapid Deconstruct  Erth           0%         3d4*      100%        5


Dungeon Overview and Level Annotations

Branches:
Dungeon (2/15)

Altars:

Annotations:
D:2 Ijyb


Innate Abilities, Weirdness & Mutations

You cannot be hasted, slowed, berserked, paralysed or teleported.
You can dig through walls and to a lower floor.
You have a pair of large antennae on your head. (SInv)
Your four strong arms can wield two-handed weapons with a shield.


Message History

The goblin closely misses you.
You closely miss the goblin. You barely miss Ijyb. You barely miss the goblin.
You closely miss the goblin. You block Ijyb's attack.
You block the goblin's attack. The goblin hits you but does no damage.
The goblin barely misses you.
You closely miss Ijyb. You barely miss the goblin. You slash the goblin!
You kill the goblin!
You slash the goblin!
You kill the goblin!
Ijyb hits you with a +0 club. The goblin hits you but does no damage.
Ijyb zaps a wand.
The roots erupt in riotous growth!
The grasping roots grab you!
The goblin is unaffected.
Ijyb is unaffected.
The grasping roots constrict you. The goblin hits you but does no damage.
You closely miss Ijyb. You hit the goblin.
You kill the goblin!
Ijyb hits you with a +0 club. The grasping roots constrict you.
The grasping roots release their grip on you.
You barely miss Ijyb. Ijyb hits you with a +0 club.
You slash Ijyb!
Ijyb is heavily wounded.
Ijyb completely misses you.
You hit Ijyb but do no damage.
Ijyb is heavily wounded.
Ijyb zaps a wand.
The roots erupt in riotous growth!
The grasping roots grab you!
Ijyb is unaffected.
The grasping roots constrict you. Ijyb hits you with a +0 club.
The grasping roots constrict you.
You hit Ijyb but do no damage.
Ijyb is heavily wounded.
Ijyb hits you but does no damage. The grasping roots constrict you.
* * * LOW HITPOINT WARNING * * *
You barely miss Ijyb.
Ijyb is moderately wounded.
You block Ijyb's attack. The grasping roots constrict you.
* * * LOW HITPOINT WARNING * * *
Ijyb hits you with a +0 club.
* * * LOW HITPOINT WARNING * * *
The grasping roots constrict you.
You die...

####.####.##.## { ##.....####
#.##.# #..).##8.....8#.........#
.#..#######..##.......#..#[####.#
###....# #..##8.....8#..#.# #.#
.#.....# #..##.......#..#.# #.#
..#.##.# #..##8....?8#..#.## #.#
..#.##.####..##.......#.<...###.#
..#.##........#8)g...8#.........#
..#.##.####..##)@)....#.#...###.#
..#.#...###..##.......# ##.## #.#
..#..........###.######.##.## #.#
..###...###.## #.# #.#...###.#
.#####......# #.# #.........#
..........### #.# ###...###.#
######....# #.# ##.## #.# #.##.#
#.# #.####.# #.##.# #.# #.......


You could see Ijyb.

Vanquished Creatures
  A dart slug (D:2)
  2 endoplasms
  2 giant cockroaches
  13 goblins
  5 hobgoblins
  6 kobolds
  2 ball pythons
  A bat (D:1)
  4 frilled lizards
  4 rats
40 creatures vanquished.

Notes
Turn   | Place    | Note
-------+----------+-------------------------------------------
     0 | D:1      | lonewolfV2 the Formicid Fighter began the quest for the
                  | Orb.
     0 | D:1      | Reached XP level 1. HP: 18/18 MP: 1/1
    37 | D:1      | Reached XP level 2. HP: 22/24 MP: 2/2
   268 | D:1      | Reached XP level 3. HP: 30/30 MP: 3/3
  1483 | D:2      | Noticed Ijyb
  1498 | D:2      | Constricted to death by Ijyb

Illustrated notes

Levels and vault maps discovered:
D:1:      sevenhm_arrival_forest_fort_large_4, layout_basic
D:2:      kennysheep_the_goblin_king, layout_loops_ring, grunt_ministairs_1

Skill      XL: |  1  2  3 |
---------------+----------+-----
Fighting       | 4 |  4.2
Axes           | 3 |  3.1
Armour         | |  3.2
Shields        | |  4.0

Action                     || total
---------------------------++-------
  Melee: War axe           ||    90
    Use: Scroll            ||     4
 Armour: Scale mail        ||    15
         Plate armour      ||    60
         Chain mail        ||     8
  Dodge: Dodged            ||    33
  Block: Buckler           ||    23
